 Dungeon Crawl Stone Soup version 0.29-a0-338-g1ff7896281 (webtiles) character file.

Game seed: 10855938864328850962

20864 chopper the Severer (level 12, 0/106 (117) HPs)
             Began as a Minotaur Fighter on Apr 17, 2022.
             Was the Champion of Zin.
             Shot with an arrow by Nessos (3 damage)
             ... on level 2 of the Orcish Mines on Apr 18, 2022.
             The game lasted 02:22:55 (20097 turns).

chopper the Severer (Minotaur Fighter)             Turns: 20097, Time: 02:22:56

HP:   0/106 (117)   AC: 26    Str: 21    XL:     12   Next: 49%
MP:   9/9           EV:  8    Int:  5    God:    Zin [******]
Gold: 903           SH:  7    Dex: 21    Spells: 11/11 levels left

rFire   . . .      SeeInvis .   H - +2 war axe (vorpal)
rCold   . . .      Faith    .   c - +0 buckler
rNeg    . . .      Spirit   .   q - +5 plate armour
rPois   +          Reflect  .   (helmet restricted)
rElec   .          Harm     .   B - +0 cloak
rCorr   .          Rampage  .   r - +1 pair of gloves
Will    .....                   y - +0 pair of boots
Stlth   ..........              (no amulet)
HPRegen 0.27/turn               Q - +6 ring of dexterity
MPRegen 0.11/turn               n - ring of poison resistance

@: drained
A: horns 2, retaliatory headbutt, deterioration 1, low MP 1, robust 1, screaming
1
a: Renounce Religion, Recite, Vitalisation, Imprison, Sanctuary, Donate Gold


You were on level 2 of the Orcish Mines.
You worshipped Zin.
Zin was exalted by your worship.
You visited 3 branches of the dungeon, and saw 14 of its levels.

You collected 1330 gold pieces.
You spent 294 gold pieces at shops.
You donated 133 gold pieces to Zin.

Inventory:

Hand Weapons
 a - a +1 war axe
 d - a +1 war axe of freezing
 e - a +4 long sword of freezing
 g - a +2 short sword of venom
 H - a +2 vorpal war axe (weapon)
 J - a +4 dagger
 M - a +2 vorpal spear
 R - a +7 long sword
Missiles
 i - a boomerang of dispersal
 v - 12 boomerangs (quivered)
 S - 7 javelins
Armour
 c - a +0 buckler (worn)
 p - an orb of light
 q - a +5 plate armour (worn)
 r - a +1 pair of gloves (worn)
 y - a +0 pair of boots (worn)
 B - a +0 cloak (worn)
Jewellery
 n - a ring of poison resistance (right hand)
 s - a ring of wizardry
 x - a ring of see invisible
 I - a ring of protection from cold
 P - the ring of Winter {rElec rPois}
   (You found it on level 9 of the Dungeon)

   [ring of poison resistance]

   rElec:     It insulates you from electricity.
   rPois:     It protects you from poison.
 Q - a +6 ring of dexterity (left hand)
Wands
 f - a wand of paralysis (8)
 A - a wand of flame (21)
 D - a wand of iceblast (12)
 G - a wand of acid (5)
 T - a wand of digging (1)
Scrolls
 b - 3 scrolls of immolation
 h - 2 scrolls of teleportation
 k - 2 scrolls of magic mapping
 u - 3 scrolls of noise
 C - 3 scrolls of vulnerability
 F - a scroll of fog {unknown}
 K - a scroll of torment {unknown}
 O - a scroll of summoning {unknown}
 U - 3 scrolls of amnesia
Potions
 j - 2 potions of mutation
 l - 6 potions of curing
 m - a potion of flight
 o - a potion of cancellation
 t - a potion of resistance
 w - a potion of lignification {unknown}
 N - 3 potions of degeneration {unknown}


   Skills:
 + Level 10.5 Fighting
 + Level 2.5 Long Blades
 + Level 15.4 Axes
 + Level 5.7 Throwing
 + Level 12.2 Armour
 + Level 2.4 Dodging
 + Level 1.1 Stealth
 + Level 9.5 Shields
 + Level 1.3 Unarmed Combat
 + Level 2.4 Evocations


You had 11 spell levels left.
You didn't know any spells.
Your spell library contained the following spells:

 Spells                   Type           Power      Damage    Failure   Level
 Magic Dart               Conj           0%         1d3       100%        1
 Call Imp                 Summ           0%         N/A       100%        2
 Mephitic Cloud           Conj/Pois/Air  0%         N/A       100%        3


Dungeon Overview and Level Annotations

Branches:
Dungeon (10/15)            Temple (0/1) D:5            Lair (2/6) D:9
  Snake (0/4) Lair:2          Orc (2/2) D:10
  Swamp: Lair:2-4    Shoals: Lair:2-4       Elf: Orc:2

Altars:
Gozag
Hepliaklqana
Kikubaaqudgha
Makhleb
Ru
Sif Muna
Trog
Uskayaw
Yredelemnul
Zin
Beogh

Shops:
D:1 !   D:4 ?   D:7 (*   Orc:1 (

Annotations:
Orc:2 Nessos


Innate Abilities, Weirdness & Mutations

You have a pair of horns on your head.
You reflexively headbutt those who attack you in melee.
Your body sometimes deteriorates upon taking damage.
Your magical capacity is low. (-10% MP)
You are robust. (+10% HP)
You occasionally shout uncontrollably at your foes.


Message History

Nessos zaps a wand.
The mass of ice explodes!
The iceblast engulfs you!
Nessos shoots an arrow.
You block the arrow.
Nessos shoots an arrow.
The arrow hits you but does no damage.
Nessos zaps a wand.
The mass of ice explodes!
The iceblast engulfs you.
Nessos unwields a +3 longbow of flaming.
It stops flaming.
Nessos hits you! Nessos kicks you but does no damage.
Nessos hits you but does no damage. You block Nessos's attack.
You hit Nessos.
Nessos is lightly wounded.
Nessos hits you but does no damage. Nessos barely misses you.
Nessos hits you but does no damage. Nessos kicks you but does no damage.
You hit Nessos but do no damage.
Nessos is lightly wounded.
Nessos hits you but does no damage. You block Nessos's attack.
Nessos hits you but does no damage. Nessos kicks you but does no damage.
You slash Nessos! You headbutt Nessos, but do no damage.
Nessos is moderately wounded.
Nessos casts a spell.
Nessos blinks!
Nessos mumbles some strange words.
Nessos blinks!
Nessos wields a +3 longbow of flaming.
It bursts into flame!
Nessos shoots an arrow.
The arrow closely misses you.
Nessos shoots an arrow.
The arrow hits you but does no damage.
Nessos intently looks at you, slowly moving their tail.
Nessos shoots an arrow.
You block the arrow.
Nessos shoots an arrow.
The arrow hits you! The arrow burns you.
Nessos shoots an arrow.
You block the arrow.
Nessos shoots an arrow.
The arrow hits you! The arrow burns you.
Nessos casts a spell.
Nessos blinks!
Nessos shoots an arrow.
The arrow hits you!
* * * LOW HITPOINT WARNING * * *
The arrow burns you.
* * * LOW HITPOINT WARNING * * *
Nessos shoots an arrow.
The arrow hits you!
* * * LOW HITPOINT WARNING * * *
The arrow burns you!
* * * LOW HITPOINT WARNING * * *
Nessos shoots an arrow.
The arrow hits you.
You die...

...#...# #...#
#......###..... .
#.......#...^.#.#
#...........##.## ##
##.....#............#
#.......#.......##.##
#.....#............#
#.......@........##
##.........#.......#
#.............<....#
#....c....##...##...#
#..................##
...ยง............##...#
.................#.#.##
....................##
...................##


You could see Nessos (fast).

Vanquished Creatures
  A hydra (D:9)
  A centaur warrior (D:9)
  A two-headed ogre (D:9)
  Urug (Lair:2)
  Amaemon (Lair:2)
  A swamp dragon (Lair:1)
  An orc knight (Orc:2)
  An orc sorcerer (Orc:2)
  3 black mambas
  A gargoyle (D:7)
  2 cane toads (Lair:1)
  Maggie (D:7)
  An orange demon (Lair:2)
  A komodo dragon (Lair:1)
  2 trolls
  A polar bear (Lair:2)
  A hornet (D:9)
  Grinder (D:4)
  Prince Ribbit (D:5)
  A shadow (D:10)
  18 yaks
  A wraith (D:9)
  A vampire (D:9)
  Eustachio (D:5)
  A steam dragon (D:9)
  5 vampire mosquitoes
  Menkaure (D:4)
  Edmund (D:5)
  An acid dragon (D:10)
  15 water moccasins
  Duvessa (D:5)
  2 swamp drakes
  An ice beast (D:6)
  9 ogres
  16 orc warriors
  3 black bears
  A sky beast (D:5)
  7 centaurs
  6 wolves (Lair:1)
  A phantom (D:6)
  2 kobold brigands
  2 gnoll sergeants
  A scorpion (D:4)
  6 bullfrogs
  A necrophage (D:7)
  8 wights
  Dowan (D:5)
  A vampire bat (D:5)
  An electric eel (D:9)
  3 howler monkeys
  2 jellies
  A gnoll shaman (D:4)
  2 hounds
  14 orc priests
  A human skeleton (D:3)
  Ijyb (D:4)
  15 orc wizards
  4 iguanas
  4 hell rats (Lair:1)
  10 gnolls
  5 adders
  2 white imps
  A worm (D:3)
  2 dart slugs
  3 fire bats (D:5)
  61 orcs
  A spectral bat (D:5)
  13 bats
  3 bat skeletons (D:5)
  A bat zombie (D:5)
  4 endoplasms
  6 giant cockroaches
  9 goblins
  13 hobgoblins
  15 kobolds
  5 quokkas
  10 ball pythons
  A bat simulacrum (D:5)
  4 frilled lizards
  6 rats
361 creatures vanquished.

Vanquished Creatures (others)
  A spectral bat (D:5)
  9 fungi
  10 plants
20 creatures vanquished.

Grand Total: 381 creatures vanquished

Notes
Turn   | Place    | Note
-------+----------+-------------------------------------------
     0 | D:1      | chopper the Minotaur Fighter began the quest for the Orb.
     0 | D:1      | Reached XP level 1. HP: 19/19 MP: 0/0
    99 | D:1      | Reached XP level 2. HP: 16/26 MP: 1/1
   816 | D:1      | Found a faded altar of an unknown god.
  1096 | D:1      | Reached XP level 3. HP: 33/33 MP: 2/2
  1129 | D:1      | Reached skill level 3 in Axes
  1464 | D:1      | Found Voamn's Distillery.
  1614 | D:2      | Reached XP level 4. HP: 11/40 MP: 3/3
  2444 | D:2      | You fall into a shaft and drop 1 floor!
  2518 | D:3      | Found a hide-covered altar of Uskayaw.
  2563 | D:3      | Found a runed translucent door.
  2564 | D:3      | Noticed a human
  2588 | D:3      | Found a basalt altar of Yredelemnul.
  2712 | D:3      | Reached skill level 5 in Armour
  2712 | D:3      | Reached XP level 5. HP: 46/46 MP: 4/4
  3091 | D:3      | Reached skill level 4 in Axes
  3200 | D:3      | Found a glowing silver altar of Zin.
  3208 | D:3      | Became a worshipper of Zin the Law-Giver
  3208 | D:3      | Reached * piety under Zin
  3480 | D:4      | Noticed Grinder
  3480 | D:4      | Paralysed by Grinder for 6 turns
  3490 | D:4      | Killed Grinder
  3491 | D:4      | Reached skill level 5 in Axes
  3491 | D:4      | Reached XP level 6. HP: 55/55 MP: 5/5
  3599 | D:4      | Found Hesi's Magic Scroll Boutique.
  3612 | D:4      | Reached skill level 6 in Axes
  3651 | D:4      | HP: 2/55 [orc priest/divine providence (16)]
  3656 | D:4      | Gained mutation: Your magical capacity is low. (-10% MP)
                  | [potion of mutation]
  3656 | D:4      | Gained mutation: You have hidden genetic defects. [potion
                  | of mutation]
  3656 | D:4      | Gained mutation: You are robust. (+10% HP) [potion of
                  | mutation]
  3665 | D:4      | HP: 2/60 [orc priest/nerve-wracking pain (13)]
  4014 | D:4      | Noticed Menkaure
  4023 | D:4      | Killed Menkaure
  4024 | D:4      | Reached skill level 5 in Fighting
  4024 | D:4      | Reached XP level 7. HP: 63/67 MP: 5/5
  4032 | D:4      | Gained mutation: You occasionally shout uncontrollably at
                  | your foes. [hidden defects]
  4045 | D:4      | Reached skill level 5 in Shields
  4048 | D:4      | Reached ** piety under Zin
  4051 | D:4      | Reached skill level 1 in Dodging
  4055 | D:4      | Gained mutation: Your body sometimes deteriorates upon
                  | taking damage. [hidden defects]
  4055 | D:4      | Lost mutation: You have hidden genetic defects. [hidden
                  | defects expressed]
  4389 | D:4      | Found a shimmering blue altar of Sif Muna.
  4405 | D:4      | Noticed Ijyb
  4409 | D:4      | Paralysed by Ijyb for 6 turns
  4420 | D:4      | Paralysed by Ijyb for 3 turns
  4426 | D:4      | Paralysed by Ijyb for 7 turns
  4434 | D:4      | Killed Ijyb
  4435 | D:4      | Reached skill level 7 in Axes
  4862 | D:5      | Entered Level 5 of the Dungeon
  4881 | D:5      | Noticed Prince Ribbit
  4894 | D:5      | Killed Prince Ribbit
  4895 | D:5      | Reached skill level 8 in Axes
  4895 | D:5      | Reached XP level 8. HP: 57/74 MP: 6/6
  4975 | D:5      | Noticed Eustachio
  5112 | D:5      | Killed Eustachio
  5381 | D:5      | Reached skill level 1 in Throwing
  5403 | D:5      | Reached skill level 9 in Axes
  5527 | D:5      | Noticed Duvessa
  5528 | D:5      | Noticed Dowan
  5537 | D:5      | Killed Duvessa
  5546 | D:5      | Killed Dowan
  5637 | D:5      | Reached *** piety under Zin
  5812 | D:5      | Found a staircase to the Ecumenical Temple.
  5893 | D:5      | Noticed Edmund
  5904 | D:5      | Killed Edmund
  5905 | D:5      | Reached skill level 1 in Unarmed Combat
  6005 | D:5      | Reached skill level 10 in Axes
  6005 | D:5      | Reached skill level 1 in Evocations
  6005 | D:5      | Reached XP level 9. HP: 82/82 MP: 7/7
  7767 | D:4      | Bought a scroll of enchant armour for 105 gold pieces
  7767 | D:4      | Bought a scroll of identify for 28 gold pieces
  7767 | D:4      | Bought a scroll of identify for 28 gold pieces
  7767 | D:4      | Bought a scroll of enchant armour for 105 gold pieces
  7767 | D:4      | Bought a scroll of identify for 28 gold pieces
  8819 | D:7      | Noticed a gargoyle
  8832 | D:7      | Killed a gargoyle
  8833 | D:7      | Reached skill level 11 in Axes
  9235 | D:7      | Noticed Maggie
  9572 | D:7      | Found Jyow's Antique Weapon Shoppe.
  9651 | D:7      | Killed Maggie
  9686 | D:7      | Reached XP level 10. HP: 68/94 MP: 8/8
  9830 | D:7      | Found Tyase's Fire Supplies.
  9982 | D:7      | Reached **** piety under Zin
 10141 | D:8      | Found an opulent altar of Gozag.
 10201 | D:8      | Found a sacrificial altar of Ru.
 10212 | D:8      | Found a bloodstained altar of Trog.
 10217 | D:8      | Found an ancient bone altar of Kikubaaqudgha.
 10275 | D:8      | Found a burning altar of Makhleb.
 10692 | D:9      | Reached skill level 12 in Axes
 10919 | D:9      | Found a staircase to the Lair.
 11123 | D:9      | Noticed a two-headed ogre
 11136 | D:9      | Killed a two-headed ogre
 11151 | D:9      | Noticed a centaur warrior
 11627 | D:9      | Identified the ring of Winter {rElec rPois}
 11727 | D:9      | Killed a centaur warrior
 11728 | D:9      | Reached skill level 1 in Stealth
 11872 | D:9      | Reached skill level 13 in Axes
 12358 | Lair:1   | Entered Level 1 of the Lair of Beasts
 12358 | Lair:1   | Noticed a six-headed hydra
 12363 | Lair:1   | Noticed a swamp dragon
 12371 | D:9      | Reached XP level 11. HP: 101/104 MP: 8/8
 12878 | D:9      | Killed an eight-headed hydra
 12879 | D:9      | Reached skill level 10 in Armour
 13169 | Lair:1   | Killed a swamp dragon
 13406 | Lair:1   | Upgraded the game from 0.29-a0-337-g68df138881 to
                  | 0.29-a0-338-g1ff7896281
 13417 | Lair:1   | Reached ***** piety under Zin
 13754 | Lair:1   | Reached skill level 14 in Axes
 14462 | Lair:2   | Found a staircase to the Snake Pit.
 14470 | Lair:2   | Noticed Amaemon
 14579 | Lair:2   | Killed Amaemon
 14580 | Lair:2   | Reached skill level 10 in Fighting
 14816 | Lair:2   | Noticed Urug
 14866 | Lair:2   | Killed Urug
 14867 | Lair:2   | Reached skill level 5 in Throwing
 14867 | Lair:2   | Reached XP level 12. HP: 49/116 MP: 9/9
 15070 | Lair:2   | Reached skill level 15 in Axes
 15098 | Lair:2   | Noticed a catoblepas
 15720 | D:10     | Entered Level 10 of the Dungeon
 15795 | D:10     | Reached skill level 1 in Long Blades
 16121 | D:10     | Found a faded altar of an unknown god.
 16128 | D:10     | Found a hazy altar of Hepliaklqana.
 17880 | D:10     | Found a staircase to the Orcish Mines.
 17935 | Orc:1    | Entered Level 1 of the Orcish Mines
 18303 | Orc:1    | Found Xeaklyru's Weapon Boutique.
 18980 | Orc:2    | Entered Level 2 of the Orcish Mines
 19302 | Orc:2    | Paralysed by an orc sorcerer for 6 turns
 19311 | Orc:2    | Reached ****** piety under Zin
 20083 | Orc:2    | Noticed Nessos
 20097 | Orc:2    | HP: 3/106 [Nessos/arrow (7)]
 20097 | Orc:2    | Shot with an arrow by Nessos

Illustrated notes

Levels and vault maps discovered:
D:1:      tarquinn_simple_flora_water_c, layout_loops_ring,
          ebering_ecumenical_altar_rust, serial_shops, shop
D:2:      layout_basic, chequers_serial_rivers_small_a
D:3:      layout_loops_ring, zin_scriptorium, dk_yredelemnul_ordeal,
          nicolae_uskayaw_dance_hall, kennysheep_generic_room_16
D:4:      layout_basic, serial_shops, nicolae_take_the_stairs,
          minmay_ruined_shrine, uniq_grinder, uniq_ijyb, uniq_menkaure
D:5:      layout_basic, minmay_temple_entry_statues_fountains, st_stairs_6,
          goddamned_bats, uniq_eustachio, uniq_duvessa, uniq_edmund,
          uniq_prince_ribbit1
D:6:      minmay_evil_eye, layout_basic, kennysheep_minor_cross
D:7:      layout_gridville, serial_shops, nicolae_lakefront_shop,
          nicolae_concentric_dashed_squares_mild, nicolae_shop_fire_sale
          [nicolae_sub_dead_trees], st_stairs_14, uniq_maggie
D:8:      layout_cave_pools, lemuel_doored_altar, mainiacjoe_overflow_brackets,
          minitemple, hangedman_abyss_or_decor_passed
D:9:      cheibrodos_barr_body, layout_irregular_city, dpeg_oklobed_lair,
          kennysheep_path_1, hangedman_decor_peaks_small, st_stairs_14
D:10:     layout_rooms, slow_altar_2, beargit_hepliaklqana_dungeon_heroes,
          minmay_orc_entry_temple_small, minivault_10
Lair:1:   layout_cave_pods, pond, serial_bayou_shore_b
Lair:2:   layout_cave_shapes, minmay_snake_entry_six_corridors, uniq_urug,
          uniq_amaemon
Orc:1:    layout_caves, serial_shops, nicolae_shop_bloodbath_and_beyond,
          uniq_josephine
Orc:2:    st_orc_mages, layout_caves, gauntlet_entry_generic,
          ebering_ghost_gozag, dreamdust_deal_with_the_devil, uniq_nessos

Skill      XL: |  1  2  3  4  5  6  7  8  9 10 11 12 |
---------------+-------------------------------------+-----
Armour         | 4 5 6 7 8 9 11 12 | 12.2
Shields        | 4 5 6 7 8 9 |  9.5
Fighting       | 4 5 6 7 8 10 | 10.5
Axes           | 3 5 6 8 10 11 13 14 15 | 15.4
Dodging        | 1 2 |  2.4
Throwing       | 1 2 4 5 |  5.7
Unarmed Combat | 1 |  1.3
Evocations     | 1 2 |  2.4
Stealth        | 1 |  1.1
Long Blades    | 2 |  2.5

Action                   |  1- 3 |  4- 6 |  7- 9 | 10-12 || total
-------------------------+-------+-------+-------+-------++-------
Melee: War axe           |    69 |    83 |   245 |   452 ||   849
       Headbutt          |    12 |    16 |    47 |   127 ||   202
       Unarmed           |       |       |    12 |       ||    12
       Long sword        |       |       |    10 |    56 ||    66
Throw: Boomerang         |       |       |    17 |   107 ||   124
       Throwing net      |       |       |     1 |     2 ||     3
Evoke: Wand              |       |       |    12 |    22 ||    34
  Use: Potion            |       |     6 |     1 |     5 ||    12
       Scroll            |       |     2 |    14 |     9 ||    25
Armor: Scale mail        |    29 |       |       |       ||    29
       Chain mail        |     2 |     2 |       |       ||     4
       Plate armour      |       |    43 |   234 |   490 ||   767
       Skin              |       |       |     5 |       ||     5
Dodge: Dodged            |    34 |    25 |   107 |   209 ||   375
Block: Buckler           |    22 |    26 |    87 |   235 ||   370

Table legend: (Time is in decaauts)
 A = Elapsed time spent in this place.
 B = Non-inter-level travel time spent in this place.
 C = Inter-level travel time spent in this place.
 D = Time resting spent in this place.
 E = Time spent auto-exploring this place.
 F = Levels seen in this place.
 G = Mean time per level.
                   A        B        C        D        E       F      G
               +--------+--------+--------+--------+--------+-----+--------+
         Total |  20123 |  20123 |      0 |   6733 |      0 |  14 | 1437.4 |
       Dungeon |  14540 |  14540 |      0 |   4011 |      0 |  10 | 1454.0 |
          Lair |   3659 |   3659 |      0 |   1969 |      0 |   2 | 1829.5 |
  Orcish Mines |   1922 |   1922 |      0 |    753 |      0 |   2 |  961.0 |
               +--------+--------+--------+--------+--------+-----+--------+

Top non-repeatable levels by time:
  Lair:1: 2831 daAuts
     D:9: 2765 daAuts
     D:1: 2311 daAuts
     D:4: 2064 daAuts
     D:5: 1351 daAuts
     D:6: 1284 daAuts
     D:7: 1200 daAuts
     D:3: 1091 daAuts
   Orc:1: 1075 daAuts
     D:2: 853 daAuts
   Orc:2: 847 daAuts
  Lair:2: 828 daAuts
     D:8: 822 daAuts
    D:10: 796 daAuts
